 Dungeon Crawl Stone Soup version 0.30-a0-371-gad7725a93e (webtiles) character file.

Game seed: 6002445770210646532

6 Bnni the Shield-Bearer (level 2, -2/24 HPs)
             Began as a Formicid Fighter on Nov 20, 2022.
             Slain by a quokka (3 damage)
             ... on level 1 of the Dungeon.
             The game lasted 00:00:38 (64 turns).

Bnni the Shield-Bearer (Formicid Fighter)             Turns: 64, Time: 00:00:39

Health: -2/24      AC:  6    Str: 20    XL:     2   Next: 0%
Magic:  2/2        EV:  9    Int:  7    God:
Gold:   22         SH:  5    Dex: 13    Spells: 1/1 levels left

rFire   . . .      SeeInvis +    a - +0 trident
rCold   . . .      Faith    .    c - +0 buckler
rNeg    . . .      Spirit   .    b - +0 scale mail
rPois   .          Reflect  .    (helmet unavailable)
rElec   .          Harm     .    (no cloak)
rCorr   .          Rampage  .    (no gloves)
Will    .....                    (no boots)
Stlth   ..........               (no amulet)
HPRegen 0.24/turn                (no ring)
MPRegen 0.08/turn                (no ring)

@: no status effects
A: permanent stasis, dig shafts and tunnels, antennae 3, four strong arms
a: Dig, Shaft Self


You were on level 1 of the Dungeon.
You visited 1 branch of the dungeon, and saw 1 of its levels.

You collected 22 gold pieces.

Inventory:

Hand Weapons
 a - a +0 trident (weapon)
Armour
 b - a +0 scale mail (worn)
 c - a +0 buckler (worn)
Potions
 d - a potion of might


   Skills:
 + Level 3.4 Fighting
 + Level 2.1 Polearms
 + Level 3.4 Armour
 + Level 4.1 Shields


You had one spell level left.
You didn't know any spells.
Your spell library was empty.

Dungeon Overview and Level Annotations

Branches:
Dungeon (1/15)

Altars:


Innate Abilities, Weirdness & Mutations

You cannot be hasted, slowed, berserked, paralysed or teleported.
You can dig through walls and to a lower floor.
You have a pair of large antennae on your head. (SInv)
Your four strong arms can wield two-handed weapons with a shield.


Message History

The jackal is almost dead.
The jackal bites you but does no damage.
You block the quokka's attack. The jackal barely misses you.
You closely miss the jackal.
The jackal is severely wounded.
The quokka bites you but does no damage.
The endoplasm barely misses you. The jackal bites you.
The quokka twitches its whiskers.
The quokka barely misses you. The endoplasm hits you.
You puncture the jackal!
You kill the jackal!
The quokka closely misses you. The endoplasm barely misses you.
You have reached level 2!
You hit the endoplasm but do no damage. The quokka closely misses you.
The endoplasm freezes you.
You are frozen.
The quokka closely misses you.
You hit the endoplasm.
The endoplasm is lightly wounded.
The quokka bites you. The endoplasm freezes you.
You are frozen.
* * * LOW HITPOINT WARNING * * *
You are too injured to fight recklessly!
You are too injured to fight recklessly!
The quokka barely misses you.
You closely miss the quokka. You block the quokka's attack.
You barely miss the quokka. The quokka bites you.
* * * LOW HITPOINT WARNING * * *
You barely miss the quokka. The quokka barely misses you. The quokka bites you.
* * * LOW HITPOINT WARNING * * *
You barely miss the quokka. The quokka bites you.
* * * LOW HITPOINT WARNING * * *
You closely miss the quokka. The quokka barely misses you.
The quokka closely misses you.
You barely miss the quokka. The quokka bites you.
* * * LOW HITPOINT WARNING * * *
You hit the quokka.
The quokka is almost dead.
The quokka bites you.
You die...

####### .......
....... ############
....... #..........#
.......##..........#
......Jr@..........#
.......##..........#
..>.... #..........#
....... #..........#
....... #...†......#
....... ###.########
##.#### #.##### #.
##.#...#
.#####......#


You could see an endoplasm and a quokka.

Vanquished Creatures
  An endoplasm (D:1)
  A hobgoblin (D:1)
  2 jackals (D:1)
  A bat (D:1)
5 creatures vanquished.

Notes
Turn   | Place    | Note
-------+----------+-------------------------------------------
     0 | D:1      | Bnni the Formicid Fighter began the quest for the Orb.
     0 | D:1      | Reached XP level 1. HP: 18/18 MP: 1/1
    55 | D:1      | Reached XP level 2. HP: 13/24 MP: 2/2
    63 | D:1      | HP: 1/24 [quokka (2)]
    64 | D:1      | Slain by a quokka

Illustrated notes

Levels and vault maps discovered:
D:1:      shiori_arrival_maze, layout_rooms, basic_ecumenical_altar,
          minmay_misc_feat_cross, skrybe_limestone_x, minmay_pentomino_x4

Action                   || total
-------------------------++-------
Melee: Trident           ||    24
Armor: Scale mail        ||    10
Dodge: Dodged            ||    23
Block: Buckler           ||     4

Table legend: (Time is in decaauts)
 A = Elapsed time spent in this place.
 B = Non-inter-level travel time spent in this place.
 C = Inter-level travel time spent in this place.
 D = Time resting spent in this place.
 E = Time spent auto-exploring this place.
 F = Levels seen in this place.
 G = Mean time per level.
                   A        B        C        D        E       F      G
               +--------+--------+--------+--------+--------+-----+--------+
         Total |     68 |     68 |      0 |      0 |     31 |   1 |   68.0 |
       Dungeon |     68 |     68 |      0 |      0 |     31 |   1 |   68.0 |
               +--------+--------+--------+--------+--------+-----+--------+

Top non-repeatable levels by time:
     D:1: 68 daAuts
